 Dungeon Crawl Stone Soup version 0.17-a0-1399-gd5b76e1 (webtiles) character file.

61 ololoev the Cudgeler (level 3, -2/27 HPs)
             Began as a Mummy Skald on June 18, 2015.
             Slain by a gnoll
             ... wielding a +0 whip
              (7 damage)
             ... on level 3 of the Dungeon.
             The game lasted 00:04:27 (1416 turns).

ololoev the Cudgeler (Mummy Skald)                  Turns: 1416, Time: 00:04:28

Health: -2/27      AC:  9    Str: 16    XL:     3   Next: 83%
Magic:  2/6        EV: 12    Int: 11    God:
Gold:   142        SH:  0    Dex: 11    Spells: 2 memorised, 3 levels left

rFire  x . .     SeeInvis .     a - +0 mace
rCold  + . .     Clarity  .     k - +3 ring mail
rNeg   + + +     SustAt   .     (no shield)
rPois  ∞         Gourm    .     j - +1 hat
rElec  .         Spirit   .     (no cloak)
rCorr  +         Warding  .     (no gloves)
rMut   .         Stasis   .     (no boots)
MR     .....                    m - amulet of resist corrosion
Stlth  +.........               b - +2 ring of evasion
                                g - ring of wizardry

@: very slightly contaminated, not resistant to hostile enchantments, very
unstealthy
A: no food or potions, fire vulnerability, cold resistance 1, negative energy
resistance 3, torment resistance, unbreathing
a: no special abilities


Innate Abilities, Weirdness & Mutations

You do not eat or drink.
Your flesh is vulnerable to fire.
You are immune to poison.
Your flesh is cold resistant.
You are immune to negative energy.
You are immune to unholy pain and torment.
You can survive without breathing.

Inventory:

Hand weapons
 a - a +0 mace (weapon)
Armour
 j - a +1 hat (worn)
 k - a +3 ring mail (worn)
Jewellery
 b - a +2 ring of evasion (right hand)
 g - a ring of wizardry (left hand)
 m - an amulet of resist corrosion (around neck)
Scrolls
 d - 2 scrolls of remove curse {unknown}
 e - 2 scrolls of teleportation {unknown}
 f - a scroll of random uselessness {unknown}
 h - a scroll of fog {unknown}
 i - a scroll of immolation {unknown}
 l - a scroll of blinking {unknown}
Books
 c - a book of Battle

   Spells                             Type                      Level
   a - Infusion                       Charms                       1
   b - Shroud of Golubria             Charms/Translocation         2
   c - Song of Slaying                Charms                       2
   d - Spectral Weapon                Hexes/Charms                 3
   e - Regeneration                   Charms/Necromancy            3


   Skills:
 - Level 2.0 Fighting
 * Level 3.0 Maces & Flails
 + Level 1.7 Armour
 - Level 0.7 Dodging
 - Level 2.0 Spellcasting
 - Level 2.4 Charms


You had 3 spell levels left.
You knew the following spells:

 Your Spells              Type           Power        Failure   Level  Hunger
a - Infusion              Chrm           #.....       10%         1    N/A
b - Song of Slaying       Chrm           #.......     14%         2    N/A


You were on level 3 of the Dungeon.
You were not hungry.

You visited 1 branch of the dungeon, and saw 3 of its levels.

You collected 142 gold pieces.

###.... ..# ##.## ### #.
..# #...# .... . ...# #...#
.......### .##.#.### #...#
.... ...# ... . ..# #.###
#!.# ##.###.#.# #.# #<#
..###...##.#.###.#####.###
#.#....)g@.†..............
##.#.#...##.#####.###.#.###
#.......##.......%# #.#.#
#.......##........###.#.#
#.##..#.##.##.........#.#
#.###.#.##.##.##.######.#
#.###.#g##.##.##.#...#..#
#.......##........###..##
#####.####....!...#....#

Notes
Turn   | Place    | Note
--------------------------------------------------------------
     0 | D:1      | ololoev the Mummy Skald began the quest for the Orb.
     0 | D:1      | Reached XP level 1. HP: 16/16 MP: 3/3
    35 | D:1      | Reached skill level 1 in Armour
   293 | D:1      | Reached XP level 2. HP: 15/22 MP: 5/5
   307 | D:1      | Learned a level 2 spell: Song of Slaying
  1171 | D:2      | Reached XP level 3. HP: 27/27 MP: 6/6
  1409 | D:3      | Reached skill level 3 in Maces & Flails
  1416 | D:3      | Slain by a gnoll

Dungeon Overview and Level Annotations

Branches:
Dungeon (3/15)

Altars:


Message History

Confirm with . or Enter, or press ? or * to list all spells.
You begin infusing your attacks with magical energy.
The gnoll closely misses you.
The gnoll hits you with a spear of piercing.
You hit the gnoll.
The gnoll is severely wounded.
The gnoll hits you with a spear of piercing!
You closely miss the gnoll.
The gnoll is severely wounded.
The gnoll hits you with a spear of piercing.
You hit the gnoll.
You kill the gnoll!
Your Maces & Flails skill increases to level 3!
Your magical infusion is running out.
The gnoll hits you but does no damage.
Your ring mail prevents you from hitting the gnoll.
The gnoll is lightly wounded.
The gnoll closely misses you.
You hit the gnoll.
The gnoll is moderately wounded.
Your song is almost over.
The gnoll hits you but does no damage.
You barely miss the gnoll.
The gnoll is moderately wounded.
The gnoll hits you with a whip.
You closely miss the gnoll.
The gnoll is moderately wounded.
The gnoll hits you but does no damage.
You barely miss the gnoll.
The gnoll is moderately wounded.
You are no longer magically infusing your attacks.
The gnoll hits you with a whip.
You hit the gnoll.
The gnoll is heavily wounded.
The gnoll barely misses you. The gnoll closely misses you.
You sock the gnoll!
The gnoll is almost dead.
Your song has ended.
The gnoll hits you with a whip!
You die...

You could see a gnoll.

Vanquished Creatures
  2 gnolls (D:3)
  An adder (D:3)
  A giant cockroach (D:1)
  7 hobgoblins
  4 bats (D:1)
  A giant gecko (D:1)
  8 goblins
  5 kobolds
  5 rats (D:1)
34 creatures vanquished.

Action                   || total
-------------------------++-------
Melee: Mace              ||   113
Throw: Javelin           ||     8
 Cast: Infusion          ||     5
       Song of Slaying   ||     3

Vault maps used:
D:1:      minmay_arrival_jagged
D:2:      kennysheep_another_room
D:3:      serial_bayou_pond_d
